 Dungeon Crawl Stone Soup version 0.19.0 (webtiles) character file.

23176 Danakh the Cleaver (level 12, -12/116 HPs)
             Began as a Demonspawn Fighter on Nov 9, 2016.
             Was the Champion of Okawaru.
             Killed by mirror damage (43 damage)
             ... on level 12 of the Dungeon.
             The game lasted 00:48:28 (13661 turns).

Danakh the Cleaver (Demonspawn Fighter)            Turns: 13661, Time: 00:48:28

Health: -12/116    AC: 26    Str: 30    XL:     12   Next: 69%
Magic:  10/17      EV: 15    Int: 14    God:    Okawaru [******]
Gold:   823        SH: 15    Dex: 16    Spells: 0 memorised, 11 levels left

rFire  + + .     SeeInvis +     x - +12 broad axe of the Vulture {chop, rF+ Int+4}
rCold  + . .     Gourm    .     r - +2 chain mail {rC+}
rNeg   . . .     Faith    .     c - +0 shield
rPois  .         Spirit   .     Q - +0 helmet
rElec  +         Reflect  .     a - +0 cloak of the Tuna {-Cast *Drain rElec Str+9}
rCorr  .         Harm     +     S - +2 pair of gloves {Dex+3}
MR     .....     NoCast   +     B - +0 pair of boots
Stlth  ..........               I - amulet of harm
                                F - ring of protection from fire
                                E - ring of see invisible

@: heroism, finesse, studying Dodging
A: talons 1, yellow scales 2, demonic guardian 1, powered by death 1, robust 2,
wild magic 1
a: Heroism, Finesse, Renounce Religion


You were on level 12 of the Dungeon.
You worshipped Okawaru.
Okawaru was exalted by your worship.
You were not hungry.

You visited 1 branch of the dungeon, and saw 12 of its levels.
You also visited: Labyrinth.

You collected 823 gold pieces.

Inventory:

Hand Weapons
 t - a +5 broad axe of chopping
 x - the +12 broad axe of the Vulture (weapon) {chop, rF+ Int+4}
   (Okawaru gifted it to you on level 12 of the Dungeon)

   It inflicts extra damage upon your enemies.
   It affects your intelligence (+4).
   It protects you from fire.
 T - the +5 hand axe "Hilijof" {chop, +Rage rPois rC- Stlth+}
   (You found it on level 12 of the Dungeon)

   It inflicts extra damage upon your enemies.
   It makes you vulnerable to cold.
   It protects you from poison.
   It lets you go berserk.
   It makes you more stealthy.
 U - a +2 hand axe of flaming
Armour
 a - the +0 cloak of the Tuna (worn) {-Cast *Drain rElec Str+9}
   (You acquired it on level 10 of the Dungeon)

   It affects your strength (+9).
   It insulates you from electricity.
   It prevents spellcasting.
   It causes draining when unequipped.
 c - a +0 shield (worn)
 r - a +2 chain mail of cold resistance (worn)
 B - a +0 pair of boots (worn)
 Q - a +0 helmet (worn)
 S - a +2 pair of gloves of dexterity (worn)
 V - the +0 chain mail "Zorrocoi" {+Inv rF+++ MP+9 Str-5}
   (You found it on level 9 of the Dungeon)

   It affects your strength (-5).
   It renders you almost immune to fire.
   It affects your magic capacity (+9).
   It lets you turn invisible.
Jewellery
 j - an uncursed ring of protection from magic
 m - an uncursed ring of ice
 E - a ring of see invisible (left hand)
 F - a ring of protection from fire (right hand)
 I - an amulet of harm (around neck)
Wands
 b - a wand of iceblast (3/15)
 o - a wand of disintegration (11/24)
 D - a wand of polymorph (12/24)
 M - a wand of acid (10/15)
 P - a wand of flame (23/48)
 W - a wand of polymorph (6/24)
 X - a wand of confusion (14/48)
 Y - a wand of hasting (2/9)
Scrolls
 e - a scroll of recharging
 i - 8 scrolls of remove curse
 n - a scroll of holy word {unknown}
 p - 12 scrolls of teleportation
 y - 4 scrolls of blinking
 G - a scroll of silence
 N - a scroll of fear
Potions
 d - 6 potions of might
 g - 4 potions of brilliance
 h - 3 potions of magic
 q - 2 potions of agility
 s - 2 potions of flight
 u - 4 potions of degeneration
 v - 4 potions of heal wounds
 z - 8 potions of curing
 A - a potion of ambrosia
 C - 2 potions of invisibility
 H - a potion of resistance
 K - 2 potions of cancellation
 R - 2 potions of cure mutation
 Z - a potion of lignification {unknown}
Books
 L - a manual of Dodging
Comestibles
 f - 8 bread rations
 k - 7 meat rations
 l - a beef jerky
 w - 24 fruits
 O - 7 slices of pizza


   Skills:
 + Level 9.7(14.7) Fighting
 * Level 11.8(16.8) Axes
 + Level 9.3(14.3) Armour
 + Level 4.3(9.3) Dodging
 + Level 9.0(14.0) Shields
 + Level 6.9 Invocations


You had 11 spell levels left.
You didn't know any spells.

Dungeon Overview and Level Annotations

Branches:
Dungeon (12/15)            Temple (0/1) D:6            Lair (0/6) D:9
    Orc (0/2) D:10

Altars:
Cheibriados
Gozag
Kikubaaqudgha
Okawaru
Trog
Uskayaw
Yredelemnul
Zin

Shops:
D:4 (!}   D:6 [

Portals:
Trove: D:11 (give +4 shadow dragon scales)


Innate Abilities, Weirdness & Mutations

You have sharp toenails.
You are mostly covered in yellow scales. (AC +3)
A weak demonic guardian rushes to your aid.
You regenerate a little health from kills.
You are very robust. (+20% HP)
Your spells are a little harder to cast, but a little more powerful.


Message History

Your body is wracked with pain!
Ouch! That really hurt!
You hit the death knight but do no damage.
You completely miss the death knight. You closely miss the death knight.
You block the death knight's attack.
You hit the death knight.
The death knight is lightly wounded.
The death knight reflects your damage back at you!
You barely miss the death knight.
The death knight is lightly wounded.
You slash the death knight!
The death knight is moderately wounded.
The death knight reflects your damage back at you!
* * * LOW HITPOINT WARNING * * *
You block the death knight's attack.
You slice the death knight!!
You kill the death knight!
Okawaru is honoured by your kill.
Your damage is reflected back at you!
You die...

#.#
#..
#.#
#.#
#.#
#O#
#)#
#@#
#5#
#5#
#.#
#.#
#.#
#.#
#.#
#.#
#.


You could see a two-headed ogre, a friendly iron imp and a friendly white imp.

Vanquished Creatures
  Snorg (D:11)
  A minotaur (Lab)
  A hydra (D:8)
  Erica (D:9)
  A death knight (D:12)
  Nergalle (D:10)
  2 hill giants
  3 ugly things
  2 cyclopes
  Maurice (D:8)
  Joseph (D:7)
  3 trolls
  3 slime creatures (D:7)
  A hornet (D:7)
  6 hippogriffs
  2 dream sheep (D:8)
  5 basilisks
  A wraith (D:11)
  10 yaks
  4 hungry ghosts
  4 vampire mosquitoes (D:12)
  Menkaure (D:7)
  5 insubstantial wisps (D:12)
  A water moccasin (D:7)
  2 sky beasts
  5 porcupines (D:9)
  A swamp drake (D:12)
  2 eyes of draining
  4 ice beasts
  5 orc warriors
  3 phantoms
  4 slaves (D:9)
  A black bear (D:11)
  9 ogres
  A necrophage (D:8)
  10 centaurs
  2 big kobolds
  4 bullfrogs
  9 killer bees
  3 scorpions
  A howler monkey (D:6)
  2 bullfrog zombies
  4 crimson imps
  A centaur zombie (D:9)
  3 bullfrog skeletons
  3 jellies
  Crazy Yiuf (D:3)
  An orc priest (D:10)
  4 centaur skeletons
  4 gnoll shamans
  6 hounds
  7 orc wizards
  Jessica (D:2)
  13 iguanas
  Ijyb (D:2)
  12 worker ants
  A killer bee zombie (D:7)
  A hound zombie (D:7)
  A hound skeleton (D:10)
  A howler monkey skeleton (D:11)
  37 gnolls (D:4)
  7 adders
  4 river rats (D:9)
  2 shadow imps
  2 oozes
  5 adder zombies
  An adder skeleton (D:6)
  3 worms
  2 dart slugs (D:1)
  15 leopard geckos
  40 orcs
  3 giant cockroaches
  16 goblins
  12 hobgoblins
  17 jackals
  10 kobolds
  9 quokkas
  2 ball pythons
  A ball python zombie (D:5)
  6 bats
  4 frilled lizards
  A leopard gecko skeleton (D:4)
  A quokka skeleton (D:5)
  A quokka zombie (D:8)
  4 rats
  A spectral orc (D:8)
  A fungus (D:12)
  3 plants
404 creatures vanquished.

Vanquished Creatures (collateral kills)
  A hill giant (D:11)
  Pikel (D:9)
  A centaur zombie (D:11)
  A slime creature (D:7)
  A yak (D:8)
  A hungry ghost (Lab)
  A necrophage (D:6)
  An ice beast (D:7)
  2 centaurs
  2 big kobolds (D:8)
  A bullfrog (D:10)
  A howler monkey (D:5)
  An orc wizard (D:11)
  5 gnolls (D:4)
  2 leopard geckos (D:7)
  3 orcs (D:10)
  A giant cockroach (D:3)
  3 goblins (D:4)
29 creatures vanquished.

Grand Total: 433 creatures vanquished

Notes
Turn   | Place    | Note
-------+----------+-------------------------------------------
     0 | D:1      | Danakh the Demonspawn Fighter began the quest for the Orb.
     0 | D:1      | Reached XP level 1. HP: 18/18 MP: 1/1
   157 | D:1      | Reached skill level 2 in Axes
   173 | D:1      | Gained mutation: You are partially covered in yellow scales. (AC +2) [demonic ancestry]
   173 | D:1      | Reached XP level 2. HP: 21/24 MP: 2/2
   665 | D:1      | Reached XP level 3. HP: 29/29 MP: 3/3
   868 | D:2      | Noticed Jessica
   879 | D:2      | Killed Jessica
   879 | D:2      | Reached skill level 3 in Axes
   879 | D:2      | Reached XP level 4. HP: 31/35 MP: 4/4
  1008 | D:2      | Noticed Ijyb
  1032 | D:2      | Killed Ijyb
  1400 | D:3      | Found an iron altar of Okawaru.
  1410 | D:3      | Became a worshipper of Warmaster Okawaru
  1516 | D:3      | Found a glowing silver altar of Zin.
  1516 | D:3      | Noticed an angel
  1550 | D:3      | Found a faded altar of an unknown god.
  1596 | D:3      | Found a runed door.
  1600 | D:3      | Noticed Crazy Yiuf
  1603 | D:3      | Killed Crazy Yiuf
  1603 | D:3      | Reached XP level 5. HP: 33/41 MP: 5/5
  1675 | D:4      | Found Cytwub's Weapon Shop.
  1836 | D:4      | Found Uquassup's Gadget Shoppe.
  1903 | D:4      | Found Kirchou's Distillery.
  1964 | D:4      | Gained mutation: A weak demonic guardian rushes to your aid. [demonic ancestry]
  1964 | D:4      | Reached XP level 6. HP: 48/48 MP: 6/6
  1967 | D:4      | Reached * piety under Okawaru
  2178 | D:4      | Reached skill level 4 in Axes
  2636 | D:4      | Reached ** piety under Okawaru
  2636 | D:4      | Gained mutation: You have sharp toenails. [demonic ancestry]
  2636 | D:4      | Reached XP level 7. HP: 6/55 MP: 7/7
  3177 | D:4      | Reached skill level 5 in Axes
  3419 | D:4      | Reached skill level 5 in Fighting
  3719 | D:5      | Entered Level 5 of the Dungeon
  3740 | D:5      | Noticed a hill giant
  3775 | D:5      | Killed a hill giant
  3775 | D:5      | Reached *** piety under Okawaru
  3775 | D:5      | Reached skill level 6 in Axes
  3775 | D:5      | Reached skill level 5 in Armour
  3775 | D:5      | Reached XP level 8. HP: 19/63 MP: 5/8
  3822 | D:5      | Reached **** piety under Okawaru
  4082 | D:5      | Found an opulent altar of Gozag.
  4329 | D:5      | Reached skill level 5 in Shields
  4619 | D:5      | Found a snail-covered altar of Cheibriados.
  4917 | D:6      | Reached skill level 7 in Axes
  4917 | D:6      | Gained mutation: You are mostly covered in yellow scales. (AC +3) [demonic ancestry]
  4917 | D:6      | Reached XP level 9. HP: 69/69 MP: 9/9
  5002 | D:6      | Found an ancient bone altar of Kikubaaqudgha.
  5212 | D:6      | Found a staircase to the Ecumenical Temple.
  5590 | D:6      | Found Haluhefo's Armour Boutique.
  5684 | D:6      | Found a bloodstained altar of Trog.
  6036 | D:7      | Noticed Joseph
  6054 | D:7      | Killed Joseph
  6054 | D:7      | Reached ***** piety under Okawaru
  6073 | D:7      | Received a gift from Okawaru
  6242 | D:7      | Noticed Menkaure
  6249 | D:7      | Killed Menkaure
  6249 | D:7      | Reached skill level 8 in Axes
  6689 | D:7      | Received a gift from Okawaru
  6951 | D:7      | Reached XP level 10. HP: 67/79 MP: 10/10
  7524 | D:7      | Paralysed by a hornet for 1 turns
  7557 | D:7      | Reached skill level 9 in Axes
  8471 | D:8      | Noticed a two-headed hydra
  8485 | D:8      | Killed a one-headed hydra
  8715 | D:8      | Got a faintly glowing flail
  8716 | D:8      | Identified the cursed +1 flail "Ludghiefu" {crush, Int+4} (You found it on level 8 of the Dungeon)
  8761 | D:8      | Gained mutation: You are robust. (+10% HP) [mutagenic meat]
  8763 | D:8      | Gained mutation: Your spells are a little harder to cast, but a little more powerful. [mutagenic meat]
  8764 | D:8      | Gained mutation: You are very robust. (+20% HP) [mutagenic meat]
  8904 | D:8      | Received a gift from Okawaru
  9042 | D:8      | Found a basalt altar of Yredelemnul.
  9339 | D:8      | Noticed Maurice
  9348 | D:8      | Killed Maurice
  9348 | D:8      | Reached skill level 1 in Invocations
  9505 | D:9      | Reached skill level 10 in Axes
  9562 | D:9      | Reached XP level 11. HP: 61/103 MP: 12/12
  9577 | D:9      | Found a staircase to the Lair.
 10063 | D:9      | Noticed Erica
 10076 | D:9      | Killed Erica
 10096 | D:9      | Noticed Pikel
 10108 | D:9      | Killed Pikel
 10108 | D:9      | Received a gift from Okawaru
 10177 | D:9      | Got a crude chain mail
 10188 | D:9      | Identified the +0 chain mail "Zorrocoi" {+Inv rF+++ MP+9 Str-5} (You found it on level 9 of the Dungeon)
 10580 | D:10     | Entered Level 10 of the Dungeon
 10689 | D:10     | Found a staircase to the Orcish Mines.
 10770 | D:10     | Noticed a green ugly thing
 10784 | D:10     | Killed a green ugly thing
 11189 | D:10     | Got a transparent long sword
 11190 | D:10     | Identified the +2 long sword "Piusos" {antimagic, MR+} (You found it on level 10 of the Dungeon)
 11199 | D:10     | Identified a scroll of acquirement
 11200 | D:10     | Got a bloodstained cloak
 11211 | D:10     | Identified the +0 cloak of the Tuna {-Cast *Drain rElec Str+9} (You acquired it on level 10 of the Dungeon)
 11492 | D:10     | Noticed Nergalle
 11504 | D:10     | Killed Nergalle
 11504 | D:10     | Reached ****** piety under Okawaru
 12193 | D:11     | Noticed a purple ugly thing
 12202 | D:11     | Killed a purple ugly thing
 12283 | D:11     | Found a labyrinth entrance.
 12293 | D:11     | Reached skill level 11 in Axes
 12295 | D:11     | Noticed Snorg
 12315 | D:11     | Killed Snorg
 12315 | D:11     | Reached skill level 5 in Invocations
 12318 | Lab      | Entered a labyrinth
 12467 | Lab      | Gained mutation: You regenerate a little health from kills. [demonic ancestry]
 12467 | Lab      | Reached XP level 12. HP: 83/114 MP: 14/16
 12590 | Lab      | Noticed a minotaur
 12599 | Lab      | Killed a minotaur
 12674 | D:11     | Reached skill level 1 in Dodging
 13072 | D:11     | Found a hide-covered altar of Uskayaw.
 13149 | D:11     | Found a portal to a secret trove of treasure.
 13204 | D:11     | You fall through a shaft!
 13257 | D:12     | Received a gift from Okawaru
 13262 | D:12     | Got a shimmering broad axe {god gift}
 13263 | D:12     | Identified the +12 broad axe of the Vulture {chop, rF+ Int+4} (Okawaru gifted it to you on level 12 of the Dungeon)
 13311 | D:12     | Got a transparent hand axe
 13312 | D:12     | Identified the +5 hand axe "Hilijof" {chop, +Rage rPois rC- Stlth+} (You found it on level 12 of the Dungeon)
 13649 | D:12     | Noticed a death knight
 13661 | D:12     | Killed a death knight
 13661 | D:12     | Killed by mirror damage

Skill      XL: |  1  2  3  4  5  6  7  8  9 10 11 12 |
---------------+-------------------------------------+-----
Axes           | 2 3 4 6 7 8 10 11 | 11.8
Armour         | 3 4 5 6 7 8 9 |  9.3
Shields        | 3 4 5 6 7 8 9 |  9.0
Fighting       | 4 5 6 7 8 9 |  9.7
Invocations    | 1 5 6 |  6.9
Dodging        | 4 |  4.3

Action                   |  1- 3 |  4- 6 |  7- 9 | 10-12 || total
-------------------------+-------+-------+-------+-------++-------
Melee: War axe           |    81 |   239 |   700 |   173 ||  1193
       Broad axe         |       |       |       |   393 ||   393
       Flail             |       |       |       |    36 ||    36
       Hand axe          |       |       |       |     6 ||     6
Invok: Heroism           |       |       |     1 |     4 ||     5
       Finesse           |       |       |       |     2 ||     2
  Use: Scroll            |       |       |    11 |    24 ||    35
 Stab: Distracted        |       |       |     5 |     6 ||    11
  Eat: Chunk             |       |     5 |    14 |    29 ||    48
       Pizza             |       |       |     1 |       ||     1
       Beef jerky        |       |       |       |     1 ||     1
Armor: Scale mail        |    21 |       |       |       ||    21
       Chain mail        |    14 |   185 |   449 |   304 ||   952
Dodge: Dodged            |    17 |    56 |   189 |   148 ||   410
Block: Shield            |    40 |   157 |   393 |   354 ||   944
